 Dungeon Crawl Stone Soup version 0.19.0-2-gae57169 (webtiles) character file.

184 xeno23 the Firebug (level 5, -12/28 HPs)
             Began as a Deep Elf Fire Elementalist on Nov 5, 2016.
             Mangled by shugdite's ghost (15 damage)
             ... on level 3 of the Dungeon.
             The game lasted 00:08:40 (2889 turns).

xeno23 the Firebug (Deep Elf Fire Elementalist)     Turns: 2889, Time: 00:08:41

Health: -12/28     AC:  2    Str:  5    XL:     5   Next: 36%
Magic:  7/13       EV: 13    Int: 21    God:
Gold:   187        SH:  0    Dex: 15    Spells: 3 memorised, 4 levels left

rFire  . . .     SeeInvis .     r - +2 short sword (venom)
rCold  . . .     Gourm    .     a - +0 robe
rNeg   . . .     Faith    .     (no shield)
rPois  .         Spirit   .     (no helmet)
rElec  .         Reflect  .     (no cloak)
rCorr  +         Harm     .     (no gloves)
MR     .....                    (no boots)
Stlth  ++........               (no amulet)
                                (no ring)
                                h - ring of resist corrosion

@: no status effects
A: no striking features
a: no special abilities


You were on level 3 of the Dungeon.
You were not hungry.

You visited 1 branch of the dungeon, and saw 3 of its levels.

You collected 187 gold pieces.

Inventory:

Hand Weapons
 m - a +0 spear
 r - a +2 short sword of venom (weapon)
Armour
 a - a +0 robe (worn)
 u - +0 ice dragon scales
Jewellery
 h - a ring of resist corrosion (left hand)
Scrolls
 d - 4 scrolls of identify {unknown}
 f - 2 scrolls of teleportation {unknown}
 g - a scroll of immolation {unknown}
 k - a scroll of noise {unknown}
 q - 2 scrolls of magic mapping {unknown}
 t - a scroll of enchant weapon {unknown}
Potions
 e - a potion of magic {unknown}
 j - a potion of flight {unknown}
 l - a potion of lignification {unknown}
 n - a potion of heal wounds {unknown}
 o - a potion of agility {unknown}
 p - a potion of cancellation {unknown}
 s - a potion of invisibility {unknown}
Books
 b - a book of Flames

   Spells                             Type                      Level
   a - Flame Tongue                   Conjuration/Fire             1
   b - Throw Flame                    Conjuration/Fire             2
   c - Conjure Flame                  Conjuration/Fire             3
   d - Inner Flame                    Hexes/Fire                   3
   e - Sticky Flame                   Conjuration/Fire             4
   f - Fireball                       Conjuration/Fire             5
Comestibles
 c - 4 bread rations
 i - 3 meat rations


   Skills:
 - Level 2.4 Dodging
 - Level 2.4 Stealth
 + Level 4.1 Spellcasting
 * Level 4.0 Conjurations
 * Level 4.8 Fire Magic


You had 4 spell levels left.
You knew the following spells:

 Your Spells              Type           Power        Failure   Level  Hunger
a - Flame Tongue          Conj/Fire      ###..        1%          1    None
d - Conjure Flame         Conj/Fire      ###.....     10%         3    ###....
s - Sticky Flame          Conj/Fire      ###.....     24%         4    ####...


Dungeon Overview and Level Annotations

Branches:
Dungeon (3/15)

Altars:
Hepliaklqana
Trog

Annotations:
D:3 shugdite's ghost, amateur MiFi


Message History

Aiming: Flame Tongue
Press: ? - help, Shift-Dir - straight line, f/p - shugdite's ghost
Aim: shugdite's ghost (steam, almost destroyed)
The flame tongue hits shugdite's ghost.
Shugdite's ghost is almost destroyed.
Shugdite's ghost hits you!
Ouch! That really hurt!
* * * LOW HITPOINT WARNING * * *
You take 14 damage.
Shugdite's ghost says, "My insurmountable tactics guarantee your defeat."
Casting: Flame Tongue
Confirm with . or Enter, or press ? or * to list all spells.
Aiming: Flame Tongue
Press: ? - help, Shift-Dir - straight line, f/p - shugdite's ghost
Aim: shugdite's ghost (almost destroyed)
The flame tongue hits shugdite's ghost.
Shugdite's ghost appears unharmed.
Shugdite's ghost is almost destroyed.
Shugdite's ghost hits you!
Ouch! That really hurt!
You die...

####.# #.....###.# #.# #.....#
#.# #.# ##########.....# #.# #
#)# #............†.# #.# # #.#
#.########.....# #.# # #.#
######.### ####### ### # #.#
#........# #.###.###8# # #.#
#....PP..## #.#.#.#.#.8 ####.#
#..♣.§≈♣@.# ##....(.....
.....####..≈..≈.W## #...........
....W....<♣≈.≈≈≈§♣# ##.#.#.#.#.8
#########.♣≈≈≈≈≈..## #⌠#_###_###
......(....≈♣≈≈§§..##############
............≈≈≈≈≈..##...........#
..........P≈.≈≈≈≈...............#
............≈≈P.≈.......###......
...........P≈.≈≈≈.(.....# #.#.###


You could see shugdite's ghost.

Vanquished Creatures
  An orc wizard (D:3)
  4 adders
  3 gnolls (D:3)
  An ooze (D:3)
  2 dart slugs
  2 leopard geckos
  4 orcs (D:3)
  3 giant cockroaches
  7 hobgoblins
  3 jackals (D:2)
  9 kobolds
  A ball python (D:1)
  10 bats
  6 frilled lizards
  4 goblins
  20 rats
80 creatures vanquished.

Notes
Turn   | Place    | Note
-------+----------+-------------------------------------------
     0 | D:1      | xeno23 the Deep Elf Fire Elementalist began the quest for the Orb.
     0 | D:1      | Reached XP level 1. HP: 10/10 MP: 6/6
   186 | D:1      | Reached XP level 2. HP: 15/15 MP: 2/8
   729 | D:2      | Reached XP level 3. HP: 19/19 MP: 5/9
   822 | D:2      | Learned a level 3 spell: Conjure Flame
  1182 | D:2      | Reached XP level 4. HP: 15/24 MP: 4/11
  1383 | D:2      | Learned a level 4 spell: Sticky Flame
  2015 | D:3      | Reached XP level 5. HP: 28/28 MP: 7/13
  2220 | D:3      | Found a bloodstained altar of Trog.
  2228 | D:3      | Found a hazy altar of Hepliaklqana.
  2392 | D:3      | Noticed shugdite's ghost (amateur MiFi)
  2889 | D:3      | Mangled by shugdite's ghost

Skill      XL: |  1  2  3  4  5 |
---------------+----------------+-----
Fire Magic     | 4 |  4.8
Conjurations   | 2 3 4 |  4.0
Spellcasting   | 4 |  4.1
Dodging        | |  2.4
Stealth        | |  2.4

Action                   |  1- 3 |  4- 6 || total
-------------------------+-------+-------++-------
Melee: Short sword       |     9 |     1 ||    10
       Spear             |     2 |     9 ||    11
 Cast: Flame Tongue      |    73 |    61 ||   134
       Sticky Flame      |       |     1 ||     1
       Conjure Flame     |       |     4 ||     4
  Eat: Chunk             |     1 |     5 ||     6
Armor: Robe              |    10 |     1 ||    11
Dodge: Dodged            |    42 |    28 ||    70
